Mandevil, lawful male dwarven Barbarian ----- -------------- ..|.| .....|.......|.| |.|.--- |.-.|.|.-.|.|.| |.|...| |.....|...|...| |.|.--| ----.-----------.| ..|...| .....| |%....|.| -----------.---.--- |.--|.--|.....-.| |....+....|...|...| |.| |...|.....|.| |.........|--.|.|.-----.|.|.|.|-----|.| |^...<....-.|.|.|.......|...|.|.... |.| --|.........|.|.|-|.-------.--|.|.|.---.| |.|..^......|.|.| |...........|...|.....| |.-----------.|.--|...|.-----.----------| |...|.........|...|...|.|.| |.....| |...| |.|.|.---.---.---)|...|.|.| -----.---.--- |.|.........|.....|...|...| |.......| --.-----.---.|...{.---.|--.| -------- .))eh| |...|...........|...| ------ --------------------- Mandevil the Bandit Experience level: 8 Strength: 18/02 Dexterity: 16 Constitution: 19 Intelligence: 7 Wisdom: 9 Charisma: 6 Health: 0(98) Energy: 13(13) Def: 9 Gold: 590 Moves: 10085 Dungeon seed: azEFG1EKLOMQobg- Game ID: Mandevil_1433647285 Your Inventory: Coins $ - 590 gold pieces Weapons a - a +0 battle-axe (weapon in hands) Armor d - a cursed +0 Hawaiian shirt e - an uncursed corroded +0 ring mail (being worn) j - an uncursed +0 pair of leather gloves (being worn) q - an uncursed +0 helmet (being worn) A - an uncursed +0 dwarvish cloak (being worn) N - a cursed +0 pair of jumping boots (being worn) Comestibles g - 2 uncursed C-rations z - an uncursed lichen corpse Scrolls t - an uncursed scroll of food detection Potions f - an uncursed potion of gain energy Rings E - an uncursed ring of levitation K - a cursed -1 ring of increase damage named cursed M - an uncursed ring of teleport control (on left hand) R - an uncursed ring of stealth (on right hand) T - an uncursed ring of searching U - an uncursed +1 ring of gain strength Z - an uncursed ring of invisibility Wands G - a wand of make invisible (0:6) H - a wand of cold (0:4) J - a wand of polymorph (0:4) L - a wand of enlightenment (0:9) Q - a wand of make invisible (0:8) V - a wand of lightning (0:4) Tools h - a cursed oilskin sack k - an uncursed lock pick m - an uncursed brass lantern (lit) (0:794) n - a cursed tallow candle (0:200) C - an uncursed oil lamp (0:1173) I - a cursed expensive camera (0:62) Gems r - an uncursed emerald s - an uncursed luckstone y - 2 uncursed worthless pieces of orange glass Y - an uncursed ruby Contents of the oilskin sack: an uncursed apple 2 uncursed carrots a cursed cram ration 11 uncursed food rations 6 cursed food rations a cursed fortune cookie 3 uncursed lembas wafers an uncursed lichen corpse 4 uncursed pancakes an uncursed slime mold a cursed slime mold 4 uncursed tripe rations 4 cursed tripe rations an uncursed scroll of create monster 2 uncursed scrolls of enchant armor an uncursed scroll of enchant weapon a cursed scroll of fire an uncursed scroll of gold detection an uncursed scroll of light 3 cursed scrolls of light 4 cursed scrolls of magic mapping a blessed scroll of teleportation an uncursed scroll of teleportation an uncursed potion of extra healing an uncursed potion of object detection an uncursed potion of oil a magic marker (0:97) a magic marker (0:86) a cursed oil lamp (0:1341) an uncursed wax candle (0:400) 7 cursed wax candles (0:400) an uncursed agate stone 3 uncursed amethyst stones an uncursed diamond 2 uncursed emeralds an uncursed jade stone an uncursed jasper stone an uncursed worthless piece of black glass 4 uncursed worthless pieces of blue glass an uncursed worthless piece of green glass 2 uncursed worthless pieces of orange glass a cursed worthless piece of orange glass 2 uncursed worthless pieces of red glass 2 uncursed worthless pieces of white glass 2 uncursed worthless pieces of yellow glass an uncursed worthless piece of yellowish brown glass Spells known in the end: Name Level Category Fail Memory Your skills at the end: Fighting Skills bare handed combat [Basic] Weapon Skills axe [Expert] short sword [Basic] Spellcasting Skills Final Attributes: You were stridently aligned. You were shock resistant. You were poison resistant. You were telepathic. You had infravision. You were stealthy. You could jump. You had teleport control. You were protected. You were fast. You were lucky. You had extra luck. Bad luck did not time out for you. Good luck did not time out for you. You are dead. Vanquished creatures: a ghost 2 giant mimics a small mimic an ettin mummy 3 soldiers a chameleon 2 leprechauns 2 mumakil 2 giant spiders 2 brown puddings a gold golem a dog a dingo a housecat 2 blue jellies 4 gnome mummies an ape a human zombie 2 bugbears 4 Mordor orcs 2 rock piercers 3 ponies 6 fog clouds a yellow light 3 shriekers a gnome lord 2 black naga hatchlings 2 golden naga hatchlings 2 guardian naga hatchlings a gray ooze a straw golem 2 baby crocodiles 3 giant ants a little dog 6 floating eyes 4 kittens 4 homunculi a kobold lord a kobold shaman 4 hill orcs 5 rothes a rabid rat 2 centipedes 4 giant bats 3 orc zombies a wererat a werejackal 4 iguanas 2 killer bees 3 acid blobs 10 coyotes 3 gas spores 4 hobbits 2 large kobolds 2 hobgoblins 4 giant rats 3 cave spiders 3 brown molds 9 yellow molds 3 green molds 3 red molds 9 gnomes 11 manes 2 gnome zombies 8 geckos 8 jackals 3 foxen a kobold a goblin 7 sewer rats 7 grid bugs 8 bats 12 lichens 6 kobold zombies 8 newts 248 creatures vanquished. Voluntary challenges: You used a wielded weapon 294 times, starting on turn 15. You read items or engraved 50 times, starting on turn 1802. You never genocided any monsters. You never polymorphed an object. You never changed form. You cheated 2 times but completed Sokoban on turn 6378. You used no wishes. You split 1 pudding, starting on turn 9407. You wrote Elbereth's name 39 times, starting on turn 1802. You violated your moral code, losing 5 points of alignment, starting on turn 1707. Dungeon overview: The Dungeons of Doom: levels 1 to 7 Level 1 a long staircase Level 2 a weapon shop stairs to The Gnomish Mines Level 3 some fountains Level 4 Level 5 a bookstore, an altar to Mitra, some fountains Level 6 many fountains Level 7 a sink stairs to Sokoban The Gnomish Mines: levels 3 to 11 Level 3 stairs to The Dungeons of Doom Level 4 Level 5 Level 6 many shops, a temple to Mitra, some fountains, some trees Level 7 Level 8 Level 9 Level 10 Level 11 <- You were here a fountain Sokoban: levels 3 to 6 Level 3 Level 4 Level 5 Level 6 stairs to The Dungeons of Doom History has recorded: On T:1 you entered the Dungeons of Doom to retrieve the Amulet of Yendor! On T:530 you reached level 2 of The Dungeons of Doom. On T:676 you advanced to experience level 2. On T:792 you reached level 3 of The Dungeons of Doom. On T:1065 you reached level 4 of The Dungeons of Doom. On T:1168 you advanced to experience level 3. On T:1412 you reached level 5 of The Dungeons of Doom. On T:1656 you reached level 6 of The Dungeons of Doom. On T:1763 you advanced to experience level 4. On T:1783 you reached level 7 of The Dungeons of Doom. On T:2061 you reached level 4 of Sokoban. On T:2195 you advanced to experience level 5. On T:2495 you reached level 3 of Sokoban. On T:3328 you reached level 2 of Sokoban. On T:3647 you advanced to experience level 6. On T:3871 you reached level 1 of Sokoban. On T:5961 you advanced to experience level 7. On T:6378 you entered the Sokoban zoo. On T:7286 you reached level 1 of The Gnomish Mines. On T:7624 you reached level 2 of The Gnomish Mines. On T:7730 you reached level 3 of The Gnomish Mines. On T:7978 you reached level 4 of The Gnomish Mines. On T:8027 you advanced to experience level 8. On T:8394 you reached level 5 of The Gnomish Mines. On T:9175 you reached level 6 of The Gnomish Mines. On T:9196 you reached level 8 of The Gnomish Mines. On T:9270 you reached level 7 of The Gnomish Mines. On T:9459 you reached level 9 of The Gnomish Mines. Score breakdown: Gold: 590 ( 9427 points) Experience: 8 levels (14739 points) Exploration: 11 levels ( 23.40%) (13987 points) Discoveries: 17 items ( 6.88%) ( 7870 points) Valuables value: (no points given unless you survive) Artifact value: 0 ( 0 points) Variety of kills: 75 monsters ( 19.79%) (13345 points) Time penalty: 10085 turns (-2391 points) Survival: died (score multiplied by 80%) Total score: 45581 Latest messages: You put a yellowish brown gem into the bag. You put 2 orange gems into the bag. You put a potion of oil into the bag. You put 4 cursed scrolls called magic mapping into the bag. You have a little trouble removing o - an uncursed scroll labeled YUM YUM. You put an uncursed yellow potion into the large box. You smite the floating eye! As you meet its deep, meaningful gaze, you feel its suffering as though it were your own. You die... Final status: Goodbye Mandevil the Barbarian, killed by vicarious suffering... You died in The Gnomish Mines on dungeon level 11 with 45581 points, and 590 pieces of gold, after 10085 moves. You were level 8 with a maximum of 98 hit points when you died.